 Dungeon Crawl Stone Soup version 0.27.0-1-g7a089689b8 (webtiles) character file.

Game seed: 7551954154479019535

396 robertstho the Magician (level 7, -1/49 HPs)
             Began as a Djinni Fire Elementalist on Aug 17, 2021.
             Killed by miscasting Sticky Flame (13 damage)
             ... on level 4 of the Dungeon.
             The game lasted 00:05:21 (4965 turns).

robertstho the Magician (Djinni Fire Elementalist)  Turns: 4965, Time: 00:05:21

Health: -1/49      AC:  3    Str:  7    XL:     7   Next: 9%
Gold:   99         EV: 16    Int: 18    God:
                   SH:  0    Dex: 14

rFire    + + .     SeeInvis .   l - +4 short sword
rCold    x . .     Faith    .   (no shield)
rNeg     . . .     Spirit   .   a - +0 robe
rPois    ∞         Reflect  .   i - +0 helmet
rElec    .         Harm     .   (no cloak)
rCorr    .         Rampage  .   (no gloves)
Will     .....                  (boots unavailable)
Stlth    ++........             (no amulet)
HPRegen  0.16/turn              k - +4 ring of evasion
MPRegen  0.00/turn              (no ring)

@: flying, very slightly contaminated
A: sickness immunity, fire resistance 2, cold vulnerability 1, float, innate
caster, hp casting, extra vitality 1
a: no special abilities


You were on level 4 of the Dungeon.
You visited 1 branch of the dungeon, and saw 4 of its levels.

You collected 99 gold pieces.

Inventory:

Hand Weapons
 f - a +1 short sword of holy wrath
 l - a +4 short sword (weapon)
Armour
 a - a +0 robe (worn)
 i - a +0 helmet (worn)
Magical Staves
 c - a staff of conjuration
Jewellery
 k - a +4 ring of evasion (left hand)
 n - a ring of ice
Wands
 p - a wand of digging (3)
Scrolls
 b - a scroll of immolation {unknown}
 g - a scroll of magic mapping {unknown}
 j - a scroll of torment {unknown}
 o - a scroll of enchant armour
Potions
 d - a potion of attraction {unknown}
 e - 2 potions of curing {unknown}
 h - a potion of flight {unknown}
 m - 2 potions of haste


   Skills:
 * Level 2.2 Fighting
 + Level 2.3 Dodging
 + Level 2.0 Stealth
 * Level 5.2 Spellcasting


You couldn't memorise any spells.
You knew the following spells:

 Your Spells              Type           Power      Damage    Failure   Level
a - Foxfire               Conj/Fire      92%        2x1d8     1%          1
b - Conjure Flame         Conj/Fire      23%        6-21      4%          3
c - Inner Flame           Hex/Fire       23%        N/A       4%          3
d - Sticky Flame          Conj/Fire      23%        2d4       16%         4
e - Fireball              Conj/Fire      11%        3d7       38%         5
f - Apportation           Tloc           46%        N/A       1%          1
g - Searing Ray           Conj           46%        3d4       2%          2
h - Wereblood             Tmut           23%        N/A       2%          2
Your spell library was empty.

Dungeon Overview and Level Annotations

Branches:
Dungeon (4/15)
 Temple: D:4-7

Altars:
Dithmenos

Annotations:
D:4 Pikel


Innate Abilities, Weirdness & Mutations

You are immune to sickness and miasma.
You are immune to poison.
Your flesh is very heat resistant. (rF++)
You are vulnerable to cold. (rC-)
You float through the air rather than walking.
You learn spells naturally, not from books.
Your magical power is your life essence.
You have superior vitality. (+4 HP)


Message History

Casting: Foxfire (safe; 1% risk of failure)
Press: ? - help, Q - select action, (/) - cycle Dir - look around, f - activate You conjure some foxfire!
Unknown command.
Casting: Foxfire (safe; 1% risk of failure)
Confirm with . or Enter, or press ? or * to list all spells.
The spell is quite dangerous to cast (16% risk of failure)!
Continue anyway?
Aiming: Sticky Flame (quite dangerous; 16% risk of failure)
Press: ? - help, Shift-Dir - straight line, f - Pikel
Aim: Pikel, wielding a +2 whip of flaming and wearing a +0 robe (ally target, 100% to hit)
The sticky flame hits Pikel but does no damage.
Pikel is covered in liquid flames!
Pikel burns!
The foxfire hits Pikel but does no damage.
Pikel is lightly wounded.
The foxfire hits Pikel but does no damage.
Pikel is lightly wounded.
Pikel barely misses you.
Pikel burns!
Found a hand axe.
Pikel burns!
Pikel burns!
Pikel stops burning.
Casting: Sticky Flame (quite dangerous; 16% risk of failure)
Confirm with . or Enter, or press ? or * to list all spells.
The spell is quite dangerous to cast (16% risk of failure)!
Continue anyway?
Aiming: Sticky Flame (quite dangerous; 16% risk of failure)
Press: ? - help, Shift-Dir - straight line, f/p - Pikel
Aim: Pikel, wielding a +2 whip of flaming and wearing a +0 robe (heavily wounded, 100% to hit)
You miscast Sticky Flame.
You are very lightly contaminated with residual magic.
Heat runs through your body. You resist.
Pikel hits you with a +2 whip of flaming!
Pikel burns you.
Casting: Sticky Flame (quite dangerous; 16% risk of failure)
Confirm with . or Enter, or press ? or * to list all spells.
The spell is quite dangerous to cast (16% risk of failure)!
Continue anyway?
Aiming: Sticky Flame (quite dangerous; 16% risk of failure)
Press: ? - help, Shift-Dir - straight line, f/p - Pikel
Aim: Pikel, wielding a +2 whip of flaming and wearing a +0 robe (heavily wounded, 100% to hit)
You miscast Sticky Flame.
Sparks fly from your hands!
You die...

#####.#...................
#..##..................
##..#.................#
##....................#
#......................
#..#......................
#........5................
#[.#.....K...........<....
####..#.5@..#.............
##.##....#........>....
...#..................
.#.####................
###. .)............##
##...#........##
...##.....≈P.#
..##......≈≈.# .....≈≈♣.#


You could see Pikel and 2 lemures.

Vanquished Creatures
  An orc warrior (D:4)
  2 lemures (D:4)
  A bullfrog zombie (D:3)
  Terence (D:3)
  3 orc wizards
  2 hound skeletons (D:4)
  6 adders
  2 worms (D:2)
  4 dart slugs (D:1)
  9 orcs
  4 bats
  4 endoplasms
  4 giant cockroaches
  6 goblins
  4 hobgoblins
  6 jackals
  8 kobolds
  3 ball pythons
  3 frilled lizards
  A quokka skeleton (D:2)
  7 rats
81 creatures vanquished.

Vanquished Creatures (others)
  439 foxfires
439 creatures vanquished.

Grand Total: 520 creatures vanquished

Notes
Turn   | Place    | Note
-------+----------+-------------------------------------------
     0 | D:1      | robertstho the Djinni Fire Elementalist began the quest for
                  | the Orb.
     0 | D:1      | Reached XP level 1. HP: 15/15 MP: 0/0
   341 | D:1      | Reached XP level 2. HP: 14/22 MP: 0/0
   972 | D:1      | Reached XP level 3. HP: 20/26 MP: 0/0
   972 | D:1      | Learned a level 1 spell: Apportation
  1191 | D:1      | Reached skill level 3 in Spellcasting
  1418 | D:1      | Reached skill level 1 in Fighting
  2284 | D:1      | Reached XP level 4. HP: 19/32 MP: 0/0
  2488 | D:2      | You are sucked into a shaft and drop 1 floor!
  2497 | D:3      | Noticed Terence
  3308 | D:2      | Reached XP level 5. HP: 32/38 MP: 0/0
  3308 | D:2      | Learned a level 2 spell: Searing Ray
  3434 | D:2      | Found a shadowy altar of Dithmenos.
  3837 | D:3      | Reached skill level 4 in Spellcasting
  4057 | D:3      | Killed Terence
  4058 | D:3      | Reached XP level 6. HP: 32/43 MP: 0/0
  4672 | D:4      | Noticed an orc warrior
  4681 | D:4      | Killed an orc warrior
  4682 | D:4      | Reached skill level 5 in Spellcasting
  4689 | D:4      | Reached XP level 7. HP: 30/49 MP: 0/0
  4689 | D:4      | Learned a level 2 spell: Wereblood
  4944 | D:4      | Noticed Pikel
  4965 | D:4      | Killed by miscasting Sticky Flame

Illustrated notes

Levels and vault maps discovered:
D:1:      psy_arrival_dodecagon, layout_basic, minmay_tree_intersection
D:2:      minmay_alternating_diamond, layout_basic, basic_altar,
          chequers_serial_rivers_small_a, minmay_bisected
D:3:      layout_rooms, st_stairs_3, roderic_roman_lattice, nrook_loot_triangle,
          uniq_terence
D:4:      layout_cave_pools, serial_bayou_pond_d, uniq_pikel, uniq_grinder

Skill      XL: |  1  2  3  4  5  6 |
---------------+-------------------+-----
Spellcasting   | 3 4 5 |  5.2
Fighting       | 1 2 |  2.2
Stealth        | 2 |  2.0
Dodging        | |  2.3

Action                   |  1- 3 |  4- 6 |  7- 9 || total
-------------------------+-------+-------+-------++-------
 Cast: Foxfire           |   107 |   141 |    17 ||   265
       Apportation       |       |     2 |       ||     2
       Sticky Flame      |       |     2 |     3 ||     5
  Use: Scroll            |       |     3 |       ||     3
Armor: Robe              |     2 |     4 |       ||     6
Dodge: Dodged            |     8 |     7 |     2 ||    17
